 Dungeon Sprint DCSS version 0.30-a0-311-gf115ab0292 (webtiles) character file.

Game seed: 13743591728480858186

19352 wilfster70 the Slayer (level 12, -6/136 HPs)
             Began as a Hill Orc Fighter on Oct 25, 2022.
             Was the Champion of Okawaru.
             Killed from afar by a fire giant (30 damage)
             ... with a fireball
             ... in the Dungeon (Sprint IX: "|||||||||||||||||||||||||||||").
             The game lasted 00:10:29 (2931 turns).

wilfster70 the Slayer (Hill Orc Fighter)            Turns: 2931, Time: 00:10:30

Health: -6/136     AC: 31    Str: 28    XL:     12   Next: 68%
Magic:  21/21      EV:  8    Int:  8    God:    Okawaru [******]
Gold:   1012       SH: 13    Dex: 10    Spells: 11/11 levels left

rFire   . . .      SeeInvis .    a - +4 broad axe (vorpal)
rCold   . . .      Faith    .    o - +1 tower shield
rNeg    + . .      Spirit   .    z - +2 plate armour
rPois   .          Reflect  .    (no helmet)
rElec   +          Harm     .    m - +2 cloak
rCorr   .          Rampage  .    w - +2 pair of gloves
Will    ++...      NoTele   +    C - +1 pair of boots of the Alphagorgon {rElec rN+ Will++ Str-5}
Stlth   ..........               (no amulet)
HPRegen 0.42/turn                t - +6 ring of strength
MPRegen 0.17/turn                n - +3 ring of strength

@: no status effects
A: no striking features
a: Renounce Religion, Heroism, Finesse


You were in the Dungeon.
You worshipped Okawaru.
Okawaru was exalted by your worship.
You visited 1 branch You collected 1671 gold pieces.
You spent 659 gold pieces at shops.

Inventory:

Hand Weapons
 a - a +4 vorpal broad axe (weapon)
 b - a +2 vorpal morningstar
 x - a +2 war axe of electrocution
Armour
 m - a +2 cloak (worn)
 o - a +1 tower shield (worn)
 w - a +2 pair of gloves (worn)
 z - a +2 plate armour (worn)
 C - the +1 pair of boots of the Alphagorgon (worn) {rElec rN+ Will++ Str-5}
   (You found it in the Dungeon)

   Str:       It affects your strength (-5).
   rElec:     It insulates you from electricity.
   rN:        It protects you from negative energy.
   Will:      It greatly increases your willpower.
Jewellery
 c - a ring of see invisible
 n - a +3 ring of strength (right hand)
 t - a +6 ring of strength (left hand)
 y - an amulet of reflection
 A - a ring of poison resistance
 B - a ring of protection from cold
Wands
 l - a wand of iceblast (9)
Scrolls
 j - 4 scrolls of blinking
 k - 3 scrolls of amnesia
 q - a scroll of magic mapping
 u - 2 scrolls of fog
 v - 3 scrolls of fear
Potions
 d - a potion of invisibility
 e - 5 potions of curing
 f - 2 potions of heal wounds
 g - 4 potions of haste
 h - 4 potions of magic
 i - a potion of resistance
 p - 3 potions of berserk rage
 r - 3 potions of might
 s - 2 potions of brilliance


   Skills:
 + Level 21.2 Fighting
 - Level 18.0 Axes
 + Level 19.5 Armour
 + Level 10.1 Dodging
 - Level 4.0 Shields
 - Level 12.0 Invocations


You had 11 spell levels left.
You didn't know any spells.
Your spell library was empty.

Dungeon Overview and Level Annotations

Branches:
Dungeon (1/1)

Altars:
Cheibriados
Dithmenos
Elyvilon
Fedhas
Gozag
Hepliaklqana
Kikubaaqudgha
Makhleb
Nemelex Xobeh
Okawaru
Qazlal
Ru
Sif Muna
Trog
Uskayaw
Vehumet
Wu Jian
Xom
Yredelemnul
Zin
The Shining One
Beogh
Jiyva
Lugonu

Shops:
D *?((


Message History

The fireball explodes!
The fireball engulfs you but does no damage.
The fireball engulfs the fire giant!
The fire giant resists.
You barely miss the fire giant.
The fire giant is moderately wounded.
The fire giant points at you and mumbles some strange words.
The bolt of fire hits you.
You slice the fire giant!!
The fire giant is heavily wounded.
The fire giant casts a spell at you.
The fireball explodes!
The fireball engulfs you!!
The fireball engulfs the fire giant.
The fire giant resists.
You hit the fire giant but do no damage.
The fire giant is heavily wounded.
The fire giant hits you but does no damage.
You slice the fire giant!!
The fire giant is almost dead.
The fire giant points at you and mumbles some strange words.
The bolt of fire hits you!!
You hit the fire giant but do no damage.
The fire giant is almost dead.
The fire giant hits you with a +1 great sword of flaming!
The fire giant burns you.
You hit the fire giant but do no damage.
The fire giant is almost dead.
The fire giant casts a spell at you.
The fireball explodes!
The fireball engulfs you!!!
* * * LOW HITPOINT WARNING * * *
The fireball engulfs the fire giant!
The fire giant resists.
You hit the fire giant but do no damage.
The fire giant is almost dead.
The fire giant barely misses you.
You feel much better.
The culicivora changes into an entropy weaver!
You block the fire giant's attack.
You barely miss the fire giant.
The fire giant is almost dead.
The fire giant points at you and mumbles some strange words.
The fireball explodes!
The fireball engulfs you!!
You die...

▓▓▓▓▓▓▓▓▓▓▓▓▓▓▓▓▓▓▓▓▓▓▓▓
CQC*HBC@)..........[[[[[
▓▓▓▓▓▓▓▓▓▓▓▓▓▓▓▓▓▓▓▓▓▓▓▓▓▓▓▓▓▓▓▓▓
.................................
▓▓▓▓▓▓▓▓▓▓▓▓▓▓▓▓▓▓▓▓▓▓▓▓▓▓▓▓▓▓▓▓▓
.'.....∩.∩.∩.∩.....'..[..÷[.....'
▓▓▓▓▓▓▓▓▓▓▓▓▓▓▓▓▓▓▓▓▓▓▓▓▓▓▓▓▓▓▓▓▓
.................................
▓▓▓▓▓▓▓▓▓▓▓▓▓▓▓▓▓▓▓▓▓▓▓▓▓▓▓▓▓▓▓▓▓
[.[..'............†††..)....÷)...


You could see a fire giant, an entropy weaver shaped shifter, an ettin, a
manticore, a cyclops, a tengu conjurer and a battlesphere (distracted).

Vanquished Creatures
  A very ugly thing (D)
  3 ogre magi (D)
  2 centaur warriors (D)
  A boulder beetle (D)
  A two-headed ogre (D)
  An iron troll (D)
  5 deep trolls (D)
  3 orc knights (D)
  A deep elf pyromancer (D)
  An ugly thing (D)
  A manticore (D)
  8 elephants (D)
  2 torpor snails (D)
  2 cane toads (D)
  3 komodo dragons (D)
  A kobold demonologist (D)
  5 trolls (D)
  A blink frog (D)
  A yak (D)
  A basilisk (D)
  A vampire mosquito (D)
  An acid dragon (D)
  4 water moccasins (D)
  13 orc warriors (D)
  A black bear (D)
  A centaur (D)
  A kobold brigand (D)
  4 bullfrogs (D)
  A howler monkey (D)
  2 orc priests (D)
  A jelly (D)
  An iguana (D)
  3 orc wizards (D)
  An ufetubus (D)
  6 orcs (D)
  A ball python (D)
  2 kobolds (D)
  2 rats (D)
90 creatures vanquished.

Notes
Turn   | Place    | Note
-------+----------+-------------------------------------------
     0 | D        | wilfster70 the Hill Orc Fighter began the quest for the
                  | Orb.
     0 | D        | Reached XP level 1. HP: 19/19 MP: 1/1
     9 | D        | Reached skill level 4 in Fighting
    33 | D        | Noticed a jelly
    33 | D        | Noticed a black bear
    33 | D        | Noticed an iguana
    36 | D        | Reached XP level 2. HP: 27/27 MP: 2/2
    40 | D        | Reached skill level 5 in Fighting
    40 | D        | Reached skill level 5 in Axes
    40 | D        | Reached XP level 3. HP: 28/36 MP: 3/3
    43 | D        | Killed a black bear
    44 | D        | Reached skill level 6 in Fighting
    44 | D        | Reached XP level 4. HP: 30/45 MP: 4/4
    44 | D        | Reached XP level 5. HP: 34/51 MP: 5/5
    45 | D        | Reached skill level 7 in Fighting
   107 | D        | Found a roughly hewn altar of Beogh.
   107 | D        | Found a snail-covered altar of Cheibriados.
   107 | D        | Found a shadowy altar of Dithmenos.
   107 | D        | Found a white marble altar of Elyvilon.
   107 | D        | Found a blossoming altar of Fedhas.
   107 | D        | Found an opulent altar of Gozag.
   108 | D        | Found a hazy altar of Hepliaklqana.
   109 | D        | Found a viscous altar of Jiyva.
   110 | D        | Found an ancient bone altar of Kikubaaqudgha.
   111 | D        | Found a corrupted altar of Lugonu.
   112 | D        | Found a burning altar of Makhleb.
   113 | D        | Found a sparkling altar of Nemelex Xobeh.
   114 | D        | Found an iron altar of Okawaru.
   115 | D        | Found a stormy altar of Qazlal.
   116 | D        | Found a sacrificial altar of Ru.
   117 | D        | Found a shimmering blue altar of Sif Muna.
   118 | D        | Found a bloodstained altar of Trog.
   119 | D        | Found a hide-covered altar of Uskayaw.
   120 | D        | Found a radiant altar of Vehumet.
   121 | D        | Found an ornate altar of the Wu Jian Council.
   122 | D        | Became a worshipper of Warmaster Okawaru
   123 | D        | Found a shimmering altar of Xom.
   124 | D        | Found a basalt altar of Yredelemnul.
   125 | D        | Found a glowing silver altar of Zin.
   126 | D        | Found a glowing golden altar of the Shining One.
   179 | D        | Noticed a two-headed ogre
   179 | D        | Noticed a kobold demonologist
   179 | D        | Noticed a kobold brigand
   179 | D        | Noticed a troll
   183 | D        | Killed a troll
   184 | D        | Reached skill level 9 in Fighting
   184 | D        | Reached XP level 6. HP: 49/63 MP: 6/6
   191 | D        | Killed a kobold demonologist
   192 | D        | Reached skill level 10 in Fighting
   192 | D        | Reached XP level 7. HP: 53/72 MP: 7/7
   196 | D        | Reached * piety under Okawaru
   205 | D        | Killed a two-headed ogre
   205 | D        | Reached ** piety under Okawaru
   206 | D        | Reached skill level 11 in Fighting
   206 | D        | Reached skill level 10 in Armour
   206 | D        | Reached XP level 8. HP: 32/83 MP: 8/8
   381 | D        | Noticed a manticore
   381 | D        | Noticed a centaur warrior
   381 | D        | Noticed a komodo dragon
   384 | D        | Reached *** piety under Okawaru
   385 | D        | Reached skill level 1 in Invocations
   386 | D        | Reached skill level 12 in Fighting
   393 | D        | Killed a komodo dragon
   394 | D        | Reached XP level 9. HP: 77/91 MP: 8/12
   401 | D        | Killed a centaur warrior
   401 | D        | Reached **** piety under Okawaru
   402 | D        | Reached skill level 13 in Fighting
   404 | D        | Killed a manticore
   671 | D        | Reached skill level 14 in Fighting
   671 | D        | Noticed a cane toad
   673 | D        | Noticed a cane toad
   673 | D        | Reached ***** piety under Okawaru
   682 | D        | Reached XP level 10. HP: 103/103 MP: 16/16
   686 | D        | Killed a cane toad
   689 | D        | Killed a cane toad
   690 | D        | Reached skill level 10 in Invocations
   804 | D        | Noticed a boulder beetle
   808 | D        | Reached skill level 15 in Fighting
   809 | D        | Noticed a torpor snail
   813 | D        | Noticed a torpor snail
   816 | D        | Killed a boulder beetle
   816 | D        | Received a gift from Okawaru
   825 | D        | Killed a torpor snail
   826 | D        | Reached skill level 16 in Fighting
   831 | D        | Killed a torpor snail
   832 | D        | Reached skill level 15 in Armour
  1024 | D        | Noticed an elephant
  1024 | D        | Noticed an elephant
  1024 | D        | Noticed an elephant
  1024 | D        | Noticed an elephant
  1024 | D        | Noticed an elephant
  1024 | D        | Noticed an elephant
  1029 | D        | Killed an elephant
  1030 | D        | Reached skill level 1 in Dodging
  1030 | D        | Reached XP level 11. HP: 109/116 MP: 20/20
  1042 | D        | Reached skill level 17 in Fighting
  1071 | D        | Reached ****** piety under Okawaru
  1071 | D        | Identified the +5 executioner's axe of Asceticism {venom,
                  | rF+ Dex+4 Stlth+} (Okawaru gifted it to you in the Dungeon)
  1071 | D        | Received a gift from Okawaru
  1078 | D        | Reached skill level 18 in Fighting
  1304 | D        | Noticed an orc knight
  1323 | D        | Killed an orc knight
  1324 | D        | Reached skill level 5 in Dodging
  1832 | D        | Noticed an orc knight
  1834 | D        | Noticed an orc knight
  1837 | D        | Killed an orc knight
  1843 | D        | Killed an orc knight
  1915 | D        | Reached skill level 19 in Fighting
  1940 | D        | Found Nauq's Antique Weapon Boutique.
  1940 | D        | Noticed a deep troll
  1940 | D        | Noticed an ogre mage
  1940 | D        | Noticed a deep troll
  1986 | D        | Killed a deep troll
  1986 | D        | Received a gift from Okawaru
  1994 | D        | Killed an ogre mage
  1995 | D        | Reached XP level 12. HP: 129/130 MP: 21/21
  2116 | D        | Identified the +10 plate armour of Jiezidu {Harm rF+
                  | Stlth+} (Okawaru gifted it to you in the Dungeon)
  2116 | D        | Received a gift from Okawaru
  2126 | D        | Noticed an ogre mage
  2136 | D        | Killed an ogre mage
  2137 | D        | Reached skill level 20 in Fighting
  2168 | D        | Noticed an iron troll
  2318 | D        | Killed an iron troll
  2432 | D        | Found Iruucis's Antique Weapon Shop.
  2434 | D        | Found Miciycu's Magic Scroll Boutique.
  2436 | D        | Found Gorphet's General Store.
  2440 | D        | Noticed an ogre mage
  2456 | D        | Killed an ogre mage
  2654 | D        | Bought a scroll of enchant armour for 90 gold pieces
  2654 | D        | Bought a scroll of fear for 48 gold pieces
  2656 | D        | Bought a +2 buckler for 181 gold pieces
  2656 | D        | Bought a scroll of brand weapon for 104 gold pieces
  2656 | D        | Bought a scroll of enchant armour for 82 gold pieces
  2656 | D        | Bought a potion of might for 44 gold pieces
  2656 | D        | Bought a potion of haste for 110 gold pieces
  2787 | D        | Got the +1 pair of boots of the Alphagorgon {rElec rN+
                  | Will++ Str-5}
  2891 | D        | Noticed a centaur warrior
  2895 | D        | Noticed a red very ugly thing
  2899 | D        | an elephant changed into a two-headed ogre
  2899 | D        | Noticed a two-headed ogre (shapeshifter)
  2903 | D        | Killed a centaur warrior
  2906 | D        | a two-headed ogre changed into a steelbarb worm
  2908 | D        | Noticed a boulder beetle
  2911 | D        | Noticed a fire giant
  2916 | D        | Reached skill level 21 in Fighting
  2917 | D        | Noticed an ettin
  2918 | D        | Killed a red very ugly thing
  2919 | D        | Reached skill level 10 in Dodging
  2928 | D        | HP: 2/136 [fire giant/fireball (51)]
  2930 | D        | a culicivora changed into an entropy weaver
  2930 | D        | Noticed an entropy weaver (shapeshifter)
  2931 | D        | Killed from afar by a fire giant

Illustrated notes

Levels and vault maps discovered:
D:        linesprint [early_d, line_temple, items_1, d_10, items_2, lair_1,
          lair_end, items_3, orc_1, orc_end, items_4, d_15, swamp_1, shoals_1,
          snake_1, spider_1, d_20, vaults_1, items_5, swamp_end, shoals_end,
          snake_end, spider_end, vaults_end, d_27, items_6, zot_1, zot_end,
          crypt_end, forest_end, elf_end, slime_end, tomb_end, abyss_end,
          pan_hell_end]

Skill      XL: |  1  2  3  4  5  6  7  8  9 10 11 12 |
---------------+-------------------------------------+-----
Axes           | 3 5 9 12 14 16 17 18 | 18.0
Fighting       | 4 5 6 9 10 11 12 14 16 19 21 | 21.2
Armour         | 4 6 8 9 10 11 12 15 17 19 | 19.5
Shields        | 4 |  4.0
Invocations    | 4 9 12 | 12.0
Dodging        | 1 7 10 | 10.1

Action                   |  1- 3 |  4- 6 |  7- 9 | 10-12 || total
-------------------------+-------+-------+-------+-------++-------
Melee: War axe           |    22 |     1 |       |       ||    23
       Broad axe         |       |     9 |    48 |   276 ||   333
Evoke: Wand              |       |       |     1 |       ||     1
  Use: Potion            |     1 |     1 |     2 |     3 ||     7
       Scroll            |       |       |     3 |     7 ||    10
Armor: Scale mail        |     4 |     5 |    15 |    85 ||   109
       Plate armour      |       |       |       |    16 ||    16
Dodge: Dodged            |    12 |     3 |    24 |    89 ||   128
Block: Buckler           |     6 |     1 |     5 |    39 ||    51
       Tower shield      |       |       |       |    18 ||    18

Table legend: (Time is in decaauts)
 A = Elapsed time spent in this place.
 B = Non-inter-level travel time spent in this place.
 C = Inter-level travel time spent in this place.
 D = Time resting spent in this place.
 E = Time spent auto-exploring this place.
 F = Levels seen in this place.
 G = Mean time per level.
                   A        B        C        D        E       F      G
               +--------+--------+--------+--------+--------+-----+--------+
         Total |   2885 |   2855 |     30 |   1491 |    214 |   1 | 2885.0 |
       Dungeon |   2885 |   2855 |     30 |   1491 |    214 |   1 | 2885.0 |
               +--------+--------+--------+--------+--------+-----+--------+

Top non-repeatable levels by time:
       D: 2885 daAuts
